 Dungeon Crawl Stone Soup version 0.28.0-53-g5a82cb258f (webtiles) character file.

Game seed: 7599618137134303749

1306 Sin92 the Slasher (level 8, 0/55 HPs)
             Began as a Demonspawn Fighter on Aug 5, 2022.
             Was an Elder of Hepliaklqana.
             Succumbed to a water moccasin's poison
             ... on level 7 of the Dungeon.
             The game lasted 00:11:18 (5513 turns).

Sin92 the Slasher (Demonspawn Fighter)              Turns: 5513, Time: 00:11:19

Health: 0/55       AC:  9    Str: 16      XL:     8   Next: 32%
Magic:  8/8        EV:  9    Int:  9 (10) God:    Hepliaklqana [****..]
Gold:   261        SH:  0    Dex: 15 (17) Spells: 7/7 levels left

rFire   . . .      SeeInvis .   a - +1 long sword
rCold   . . .      Faith    .   c - +0 buckler
rNeg    . . .      Spirit   .   k - +0 chain mail
rPois   .          Reflect  .   (no helmet)
rElec   .          Harm     .   (no cloak)
rCorr   .          Rampage  .   (no gloves)
Will    .....      Rnd*Tele +   (no boots)
Stlth   ..........              e - amulet of regeneration
HPRegen 0.98/turn               (no ring)
MPRegen 0.11/turn               (no ring)

@: confused, lethally poisoned (0 -> -1)
A: reduced essence, sturdy frame 1, agile 1, teleportitis 1
a: Renounce Religion, Recall Ancestor, Ancestor Identity, Transference, Idealise


You were on level 7 of the Dungeon.
You worshipped Hepliaklqana.
Hepliaklqana was greatly pleased with you.
You visited 1 branch of the dungeon, and saw 7 of its levels.

You collected 261 gold pieces.

Inventory:

Hand Weapons
 a - a +1 long sword (weapon)
Armour
 b - a +0 scale mail
 c - a +0 buckler (worn)
 k - a +0 chain mail (worn)
Jewellery
 e - an amulet of regeneration (around neck)
Scrolls
 h - a scroll of summoning
Potions
 d - 4 potions of curing
 f - a potion of might
 g - 2 potions of heal wounds {unknown}
 i - a potion of magic
 j - a potion of invisibility
 l - 3 potions of lignification {unknown}


   Skills:
 + Level 5.2 Fighting
 * Level 5.5 Long Blades
 + Level 4.5 Armour
 + Level 3.5 Dodging
 + Level 4.6 Shields


You had 7 spell levels left.
You didn't know any spells.
Your spell library was empty.

Dungeon Overview and Level Annotations

Branches:
Dungeon (7/15)             Temple (0/1) D:6

Altars:
Hepliaklqana
Sif Muna


Innate Abilities, Weirdness & Mutations

Your life essence is reduced to manifest your ancestor. (-10% HP)
Your movements are slightly less encumbered by armour. (ER -2)
You are agile. (Dex +2)
You are occasionally teleported next to monsters.


Message History

You feel very sick. The water moccasin bites you.
Sephiroth casts a spell at the water moccasin.
The puff of frost hits the water moccasin!
Things that are here:
a +0 club; a +0 chain mail
Okay, then.
You slash the water moccasin!
The water moccasin is almost dead.
You feel sick. The water moccasin bites you.
You are more poisoned.
The water moccasin poisons you!
Sephiroth misses the water moccasin.
You closely miss the water moccasin.
The water moccasin is almost dead.
You feel very sick. You block the water moccasin's attack.
Sephiroth closely misses the water moccasin.
The water moccasin bites you but does no damage.
Unknown command.
You closely miss the water moccasin.
The water moccasin is almost dead.
You feel very sick. You block the water moccasin's attack.
Sephiroth gestures at the water moccasin while chanting.
The puff of frost hits the water moccasin.
The water moccasin dies!
You feel your strength returning.
You feel very sick. Something hits you but does no damage.
Things that are here:
a +0 club; an orc corpse You barely miss something.
You feel sick.
You hear some strange, mumbled words.
A magic dart appears from out of thin air!
The magic dart hits you!
* * * LOW HITPOINT WARNING * * *
You hear some strange, mumbled words.
You are confused.
You bump into the rock wall.
You die...

#..... ..##.....#
#........#
#........#
#........#
.(......#
####.....#####...
#.......R@{oo...#
#....$)########
#.......#
#...#...#
#...#...#
#...#..(#
#<......#
#.......#
#.......#


You could see the friendly Sephiroth the battlemage and 2 orcs.

Vanquished Creatures
  A black bear (D:5)
  2 ogres
  A phantom (D:6)
  A bullfrog (D:3)
  A scorpion (D:5)
  A water moccasin skeleton (D:5)
  2 hounds
  An orc priest (D:3)
  An iguana (D:5)
  An orc wizard (D:3)
  4 adders
  2 gnolls (D:6)
  2 ufetubi
  3 worms
  A dart slug (D:3)
  3 orcs
  5 ball pythons
  4 bats
  4 endoplasms
  4 giant cockroaches
  8 goblins
  7 hobgoblins
  5 kobolds
  A quokka (D:4)
  4 frilled lizards
  9 rats
78 creatures vanquished.

Vanquished Creatures (collateral kills)
  Duvessa (D:4)
  A water moccasin (D:7)
  A scorpion (D:7)
  Dowan (D:4)
  A howler monkey (D:6)
  A gnoll shaman (D:6)
  3 iguanas
  An orc wizard (D:7)
  A gnoll (D:6)
  2 adders
  A worm (D:2)
  4 orcs
  2 endoplasms
  2 giant cockroaches (D:3)
  3 hobgoblins
  2 ball pythons (D:3)
  2 kobolds
29 creatures vanquished.

Grand Total: 107 creatures vanquished

Notes
Turn   | Place    | Note
-------+----------+-------------------------------------------
     0 | D:1      | Sin92 the Demonspawn Fighter began the quest for the Orb.
     0 | D:1      | Reached XP level 1. HP: 18/18 MP: 1/1
   179 | D:1      | Gained mutation: Your movements are slightly less
                  | encumbered by armour. (ER -2) [demonic ancestry]
   179 | D:1      | Reached XP level 2. HP: 23/24 MP: 2/2
   864 | D:2      | Found a faded altar of an unknown god.
   876 | D:2      | Reached XP level 3. HP: 23/29 MP: 3/3
   879 | D:2      | Prayed at the altar of an unknown god.
   879 | D:2      | Became a worshipper of Hepliaklqana the Forgotten
   879 | D:2      | Reached * piety under Hepliaklqana
  1455 | D:2      | Reached skill level 1 in Dodging
  1690 | D:3      | Found a shimmering blue altar of Sif Muna.
  1702 | D:3      | Reached XP level 4. HP: 22/31 MP: 4/4
  1905 | D:3      | Reached XP level 5. HP: 21/36 MP: 5/5
  1914 | D:3      | Reached ** piety under Hepliaklqana
  1915 | D:3      | Remembered your ancestor Sephiroth as a battlemage
  2949 | D:3      | Gained mutation: You have supernaturally acute eyesight.
                  | (SInv) [potion of mutation]
  2949 | D:3      | Lost mutation: You have supernaturally acute eyesight.
                  | (SInv) [potion of mutation]
  2949 | D:3      | Gained mutation: You are occasionally teleported next to
                  | monsters. [potion of mutation]
  2949 | D:3      | Gained mutation: You are agile. (Dex +2) [potion of
                  | mutation]
  3157 | D:4      | Noticed Dowan
  3158 | D:4      | Noticed Duvessa
  3165 | D:4      | Killed Duvessa
  3166 | D:4      | Reached XP level 6. HP: 29/43 MP: 6/6
  3169 | D:4      | Killed Dowan
  3259 | D:4      | You fall into a shaft and drop 1 floor!
  3259 | D:5      | Entered Level 5 of the Dungeon
  3294 | D:5      | Reached *** piety under Hepliaklqana
  3363 | D:5      | Reached XP level 7. HP: 47/49 MP: 7/7
  4795 | D:6      | Found a staircase to the Ecumenical Temple.
  4838 | D:6      | Reached skill level 5 in Long Blades
  4907 | D:6      | Reached XP level 8. HP: 36/54 MP: 8/8
  5110 | D:6      | Reached **** piety under Hepliaklqana
  5268 | D:6      | Reached skill level 5 in Fighting
  5512 | D:7      | HP: 1/55 [something/magic dart (9)]
  5513 | D:7      | Succumbed to a water moccasin's poison

Illustrated notes

Levels and vault maps discovered:
D:1:      dpeg_arrival_water_fire, layout_loops_ring
D:2:      layout_basic, dreamdust_ecumenical_altar_statues,
          minmay_misc_feat_tiny
D:3:      kennysheep_big_flooded_room, layout_basic,
          mainiacjoe_overflow_concentric_impassable
D:4:      layout_basic, uniq_duvessa
D:5:      layout_basic
D:6:      layout_loops_cross, minmay_temple_entry_mist
D:7:      layout_basic, gammafunk_ghost_smash

Skill      XL: |  1  2  3  4  5  6  7  8 |
---------------+-------------------------+-----
Long Blades    | 2 3 4 5 |  5.5
Armour         | 3 4 |  4.5
Shields        | 3 4 |  4.6
Dodging        | 1 2 3 |  3.5
Fighting       | 4 5 |  5.2

Action                   |  1- 3 |  4- 6 |  7- 9 || total
-------------------------+-------+-------+-------++-------
Melee: Long sword        |   127 |   108 |    78 ||   313
Invok: Ancestor Identity |       |     1 |       ||     1
       Ancestor Life: Ba |       |     1 |       ||     1
  Use: Potion            |     1 |     3 |     1 ||     5
       Scroll            |     3 |     5 |     1 ||     9
 Stab: Distracted        |       |       |     1 ||     1
Armor: Scale mail        |    47 |    40 |    19 ||   106
       Chain mail        |       |       |    10 ||    10
Dodge: Dodged            |    67 |    49 |    44 ||   160
Block: Buckler           |    27 |    28 |    18 ||    73
